 Dungeon Crawl Stone Soup version 0.25-a0-378-gd2ca0b7745 (webtiles) character file.

Game seed: 17597549104082823487, levelgen mode: deterministic

65 PentaManta the Chopper (level 3, -4/30 HPs)
             Began as a Minotaur Gladiator on Jan 7, 2020.
             Slain by a gnoll
             ... wielding a +3 spear
              (9 damage)
             ... on level 2 of the Dungeon.
             The game lasted 00:01:29 (1430 turns).

PentaManta the Chopper (Minotaur Gladiator)         Turns: 1430, Time: 00:01:30

Health: -4/30      AC:  3    Str: 19    XL:     3   Next: 94%
Magic:  2/2        EV: 12    Int:  5    God:
Gold:   50         SH:  0    Dex: 11    Spells: 2/2 levels left

rFire    . . .     SeeInvis .   a - +0 war axe
rCold    . . .     Gourm    .   (no shield)
rNeg     . . .     Faith    .   b - +0 leather armour
rPois    .         Spirit   .   c - +0 hat
rElec    .         Reflect  .   (no cloak)
rCorr    .         Harm     .   (no gloves)
MR       .....                  (no boots)
Stlth    +.........             (no amulet)
HPRegen  0.10/turn              (no ring)
MPRegen  0.08/turn              (no ring)

@: no status effects
A: retaliatory headbutt, horns 2
a: no special abilities


You were on level 2 of the Dungeon.
You were near starving.

You visited 1 branch of the dungeon, and saw 2 of its levels.

You collected 50 gold pieces.

Inventory:

Hand Weapons
 a - a +0 war axe (weapon)
 i - a +0 dagger
Missiles
 d - 3 throwing nets (quivered)
 g - 9 atropa-tipped darts
Armour
 b - a +0 leather armour (worn)
 c - a +0 hat (worn)
Wands
 e - a wand of flame (13)
Scrolls
 h - 4 scrolls of teleportation
 j - a scroll of enchant armour {unknown}
Comestibles
 f - 3 rations


   Skills:
 - Level 2.4 Fighting
 + Level 5.9 Axes
 - Level 2.0 Throwing
 - Level 3.2 Dodging


You had 2 spell levels left.
You didn't know any spells.
Your spell library was empty.

Dungeon Overview and Level Annotations

Branches:
Dungeon (2/15)

Altars:


Innate Abilities, Weirdness & Mutations

You reflexively headbutt those who attack you in melee.
You have a pair of horns on your head.


Message History

The gnoll hits you from afar with a +3 spear.
The gnoll misses you.
You hit the gnoll. You headbutt the gnoll!
You kill the gnoll!
The gnoll hits you from afar with a +3 spear. x2
The gnoll misses you. You furiously retaliate!
You headbutt the gnoll, but do no damage.
You see here a +0 flail.
You barely miss the gnoll. The gnoll closely misses you.
You hit the gnoll but do no damage. Your headbutt misses the gnoll.
The gnoll hits you but does no damage.
You hit the gnoll.
The gnoll is moderately wounded.
The gnoll hits you with a +3 spear!
You hit the gnoll.
The gnoll is moderately wounded.
The gnoll hits you with a +3 spear.
* * * LOW HITPOINT WARNING * * *
The gnoll hits you from afar with a +3 spear!
You die...

############ ########
#..........# #......#
#.....รท..<.# #......#
..........@# #......#
#...<.....)###......#
#.........g.........#
#...........#.......#
#####.##..#.........# ..
#...............######
#.###.#.#..##...........#
##.........###...........#
........#######.###.....#


You could see a gnoll.

Vanquished Creatures
  3 gnolls
  2 oozes (D:1)
  A dart slug (D:2)
  2 giant cockroaches (D:1)
  3 goblins
  5 hobgoblins
  5 bats (D:1)
  A frilled lizard (D:1)
  2 kobolds (D:1)
  3 rats (D:1)
27 creatures vanquished.

Notes
Turn   | Place    | Note
-------+----------+-------------------------------------------
     0 | D:1      | PentaManta the Minotaur Gladiator began the quest for the
                  | Orb.
     0 | D:1      | Reached XP level 1. HP: 18/18 MP: 0/0
    52 | D:1      | Reached skill level 4 in Axes
    70 | D:1      | Reached XP level 2. HP: 15/25 MP: 1/1
   669 | D:1      | Reached skill level 5 in Axes
   953 | D:1      | Reached XP level 3. HP: 30/30 MP: 2/2
  1430 | D:2      | Slain by a gnoll

Levels and vault maps discovered:
D:1:      lightli_arrival_windingriver, layout_loops_ring, roderic_lattice_a,
          kennysheep_boxes
D:2:      layout_rooms, zin_treasury

Skill      XL: |  1  2 |
---------------+-------+-----
Axes           | 4 5 |  5.9
Fighting       | |  2.4
Throwing       | |  2.0
Dodging        | |  3.2

Action                   || total
-------------------------++-------
Melee: War axe           ||    48
       Headbutt          ||     6
       Dagger            ||    22
  Use: Scroll            ||     1
Armor: Leather armour    ||    20
Dodge: Dodged            ||    59

Table legend:
 A = Non-vault XP
 B = Vault XP
 C = Vault XP percentage of total XP
 D = Non-vault monster count
 E = Vault monster count
 F = Vault count percentage of total count
                 A         B        C        D         E       F
            +---------+---------+-------+---------+---------+-------
      Total |      94 |       0 |   0.0 |      27 |       0 |   0.0
            +---------+---------+-------+---------+---------+-------
        D:1 |      58 |       0 |   0.0 |      22 |       0 |   0.0
        D:2 |      36 |       0 |   0.0 |       5 |       0 |   0.0
            +---------+---------+-------+---------+---------+-------
